 Dungeon Crawl Stone Soup version 0.29-a0-275-g389c0b56f3 (webtiles) character file.

Game seed: 16212699885707890499

1432 spaghetti the Nimble (level 8, -11/74 HPs)
             Began as a Deep Dwarf Chaos Knight on Mar 12, 2022.
             Was a Plaything of Xom.
             Killed from afar by a steam dragon (19 damage)
             ... with a ball of steam
             ... on level 6 of the Dungeon.
             The game lasted 00:11:31 (4100 turns).

spaghetti the Nimble (Deep Dwarf Chaos Knight)      Turns: 4100, Time: 00:11:32

Health: -11/74     AC:  8    Str: 19    XL:     8   Next: 45%
Magic:  7/7        EV: 14    Int: 12    God:    Xom [...*..]
Gold:   343        SH:  0    Dex: 12    Spells: 7/7 levels left

rFire   . . .      SeeInvis .   a - +0 hand axe (chaos) {axe}
rCold   . . .      Faith    .   (no shield)
rNeg    . . .      Spirit   .   b - +3 leather armour
rPois   .          Reflect  .   q - +0 helmet
rElec   .          Harm     .   (no cloak)
rCorr   .          Rampage  .   k - +0 pair of gloves
Will    +....                   (no boots)
Stlth   +.........              (no amulet)
HPRegen 0.00/turn               (no ring)
MPRegen 0.10/turn               (no ring)

@: no status effects
A: damage resistance, heal wounds, sense surroundings 1, no regeneration
a: Heal Wounds, Renounce Religion


You were on level 6 of the Dungeon.
You worshipped Xom.
You were a favourite toy of Xom.
You visited 1 branch of the dungeon, and saw 6 of its levels.

You collected 343 gold pieces.


Innate Abilities, Weirdness & Mutations

You are resistant to damage.
You can heal yourself by infusing magical energy.
You passively map a small area around you.
You do not regenerate.


   Skills:
 + Level 5.0 Fighting
 - Level 3.2 Axes
 - Level 5.0 Throwing
 - Level 2.1 Armour
 + Level 8.2 Dodging


You had 7 spell levels left.
You didn't know any spells.
Your spell library contained the following spells:

 Spells                   Type           Power      Damage    Failure   Level
 Freeze                   Ice            0%         1d3       36%         1
 Frozen Ramparts          Ice            0%         1d2       75%         3
 Hailstorm                Conj/Ice       0%         3d3       98%         4
 Conjure Ball Lightning   Conj/Air       0%         3x3d6     100%        6
 Discord                  Hex            0%         N/A       100%        8
 Disjunction              Tloc           0%         N/A       100%        8

Inventory:

Hand Weapons
 a - a +0 hand axe of chaos (weapon) {axe}
 p - a +0 halberd of venom {polearm}
   (You took it off a gnoll on level 5 of the Dungeon)
Missiles
 d - 217 stones (quivered) {throwing}
 h - 6 boomerangs {throwing}
 l - 2 poisoned darts {throwing}
 m - 4 datura-tipped darts {throwing}
 o - 2 boomerangs of dispersal {=f!fthrowing}
Armour
 b - a +3 leather armour (worn)
 k - a +0 pair of gloves (worn)
   (You found it on level 2 of the Dungeon)
 q - a +0 helmet (worn)
   (You found it on level 5 of the Dungeon)
 s - a +1 leather armour of poison resistance
   (Xom gifted it to you on level 5 of the Dungeon)
Jewellery
 i - an amulet of guardian spirit
   (You found it on level 2 of the Dungeon)
Wands
 g - a wand of iceblast (6)
   (You took it off Ijyb on level 3 of the Dungeon)
 r - a wand of polymorph (10)
   (You found it on level 5 of the Dungeon)
Scrolls
 f - 2 scrolls of identify {@r1}
 j - 4 scrolls of magic mapping {!r}
 t - a scroll of enchant armour
Potions
 e - a potion of flight
 n - a potion of brilliance
Miscellaneous
 c - a piece from Xom's chessboard (15/15)

Dungeon Overview and Level Annotations

Branches:
Dungeon (6/15)             Temple (0/1) D:5

Altars:
Okawaru

Shops:
D:4 (

Annotations:
D:3 Natasha
D:4 exclusion: downstairs

** * #..,... , ,
*, #.# ..# ,*
.#,.# #.# #.# ####
.#... , #.# #.#
#..#..#... #.#
#.####..#......, *
#<#
#.#..#§.#......
#.#
#.#..#§.......#
#.###.#..#§....#.#
#........@D..§...#
##################
,,,


You could see a steam dragon (catching breath).


Message History

An adder is nearby!
An adder is nearby!
An adder is nearby!
An adder is nearby!
An adder is nearby!
The adder bites you but does no damage.
You slash the adder! You freeze the adder.
The adder bites you but does no damage.
You hit the adder.
You kill the adder!
You see here an adder corpse.
You open the door.
There is an open door here.
You feel less attractive to monsters.
There is an open door here.
There is an open door here.
Key pressed, stopping explore.
There is an open door here. "Here."
Something appears at your feet!
You see here a +1 leather armour of poison resistance.
You see here a +1 leather armour of poison resistance.
s - a +1 leather armour of poison resistance
Okay, then.
Key pressed, stopping explore.
You see here a +0 leather armour.
t - a scroll labelled MAAPSA MIEK You see here a +0 leather armour.
Key pressed, stopping explore.
Done exploring.
As you read the scroll labelled MAAPSA MIEK, it crumbles to dust.
You hear a loud clanging noise!
It was a scroll of noise.
Unknown command.
Okay, then.
Okay, then.
Done exploring.
(D) Dungeon (T) Temple
Where to? (Enter - D:5, ? - help)
There is a stone staircase leading down here.
You climb downwards.
There is a stone staircase leading up here.
Unknown command.
Unknown command.
t - a scroll of enchant armour A steam dragon comes into view.
The steam dragon hisses angrily.
A steam dragon is nearby!
A steam dragon is nearby!
You start waiting.
A steam dragon is nearby!
The steam dragon breathes steam at you. The ball of steam hits you!
* * * LOW HITPOINT WARNING * * *
😨 HP[-6]
You take 6 damage, and now have 34/74 hp.
You hit the steam dragon.
You are engulfed in a cloud of scalding steam.
* * * LOW HITPOINT WARNING * * *
The steam dragon misses you. x2 😨 HP[-12]
You take 12 damage, and now have 22/74 hp.
The steam dragon barely misses you. The steam dragon closely misses you.
You barely miss the steam dragon. The steam dragon bites you.
* * * LOW HITPOINT WARNING * * *
The steam dragon closely misses you. 😨 HP[-2]
You take 2 damage, and now have 20/74 hp.
You feel much better.
The steam dragon closely misses you. x2 😮 HP[+26]
You regained 26 hp, and now have 46/74 hp.
The steam dragon bites you.
The steam dragon claws you but does no damage. 😮 HP[-4]
You take 4 damage, and now have 42/74 hp.
You closely miss the steam dragon. The steam dragon breathes steam at you.
The ball of steam hits you!
* * * LOW HITPOINT WARNING * * *
😨 HP[-14]
You take 14 damage, and now have 28/74 hp.
You slash the steam dragon! You freeze the steam dragon.
You are engulfed in a cloud of scalding steam.
The steam dragon bites you but does no damage.
The steam dragon closely misses you. The steam dragon bites you!
* * * LOW HITPOINT WARNING * * *
The steam dragon claws you. 😨 HP[-7]
You take 7 damage, and now have 21/74 hp.
You fail to use your ability.
The steam dragon breathes steam at you. The ball of steam hits you!
* * * LOW HITPOINT WARNING * * *
😱 HP[-13]
You take 13 damage, and now have 8/74 hp.
The steam dragon breathes steam at you. The ball of steam hits you!!
You die...
Xom chortles!

Skill      XL: |  1  2  3  4  5  6  7  8 |
---------------+-------------------------+-----
Dodging        | 2 3 4 5 6 7 8 |  8.2
Throwing       | 2 3 4 5 |  5.0
Fighting       | 3 5 |  5.0
Axes           | |  3.2
Armour         | |  2.1

Action                   |  1- 3 |  4- 6 |  7- 9 || total
-------------------------+-------+-------+-------++-------
Melee: Hand axe          |    70 |   152 |   139 ||   361
       Punch             |     1 |       |     1 ||     2
       Unarmed           |       |     6 |       ||     6
Throw: Boomerang         |    13 |       |       ||    13
       Stone             |    24 |    27 |    42 ||    93
       Dart              |       |     2 |       ||     2
 Abil: Heal Wounds       |       |     6 |     4 ||    10
Evoke: Wand              |       |     2 |     3 ||     5
  Use: Scroll            |     4 |     1 |     2 ||     7
       Potion            |     3 |     1 |     4 ||     8
 Stab: Paralysed         |       |     5 |       ||     5
       Invisible         |       |     3 |     1 ||     4
       Confused          |       |     2 |       ||     2
       Distracted        |       |       |     2 ||     2
       Sleeping          |       |       |     1 ||     1
Armor: Leather armour    |    22 |    59 |    35 ||   116
       Skin              |       |       |     1 ||     1
Dodge: Dodged            |    50 |   126 |    88 ||   264

Levels and vault maps discovered:
D:1:      giann_wishing_wells, layout_basic, basic_ecumenical_altar
D:2:      layout_loops_ring, basic_altar
D:3:      layout_loops_cross, uniq_ijyb, uniq_natasha
D:4:      layout_rooms, grunt_ministairs_10, hex_intersection,
          nicolae_shop_firing_range
D:5:      layout_gridville, minmay_temple_entry_tees
D:6:      cheibrodos_two_vegetables, layout_loops_ring,
          minmay_misc_feat_columns, amcnicky_mini_rare_corridor_liquid,
          st_stairs_4, hangedman_abyss_or_decor_stagger

Notes
Turn   | Place    | Note
-------+----------+-------------------------------------------
     0 | D:1      | spaghetti the Deep Dwarf Chaos Knight began the quest for
                  | the Orb.
     0 | D:1      | Reached XP level 1. HP: 20/20 MP: 1/1
     0 | D:1      | magus.rc [v1.9.6]
   182 | D:1      | Reached skill level 2 in Dodging
   182 | D:1      | XOM: divination: detect items
   191 | D:1      | Reached XP level 2. HP: 24/27 MP: 2/2
   217 | D:1      | Found a faded altar of an unknown god.
   294 | D:1      | You pick up a book of Chaos and begin reading...
   294 | D:1      | You add the spells Conjure Ball Lightning, Disjunction and
                  | Discord to your library.
   399 | D:1      | You pick up a book of Frost and begin reading...
   399 | D:1      | You add the spells Freeze, Frozen Ramparts and Hailstorm to
                  | your library.
   406 | D:1      | You fall into a shaft and drop 1 floor!
   490 | D:1      | XOM: 8-stop teleportation journey
   843 | D:2      | Reached skill level 3 in Dodging
   843 | D:2      | Reached XP level 3. HP: 33/33 MP: 3/3
   890 | D:2      | Found an iron altar of Okawaru.
  1084 | D:2      | XOM is BORED!
  1176 | D:2      | XOM: cloud trail
  1336 | D:3      | Noticed a phantom
  1350 | D:3      | XOM: divination: detect items
  1359 | D:3      | HP: 7/33 [frilled lizard (2)]
  1369 | D:3      | Killed a phantom
  1370 | D:3      | Reached skill level 2 in Throwing
  1370 | D:3      | Reached skill level 4 in Dodging
  1370 | D:3      | Reached XP level 4. HP: 16/40 MP: 4/4
  1445 | D:3      | Noticed a sky beast
  1450 | D:3      | HP: 8/40 [something (3)]
  1615 | D:3      | Noticed Ijyb
  1632 | D:3      | HP: 8/40 [Ijyb/+0 dagger (4)]
  1643 | D:3      | Killed Ijyb
  1644 | D:3      | Reached XP level 5. HP: 32/46 MP: 5/5
  1786 | D:3      | Noticed Natasha
  1793 | D:3      | Killed Natasha
  1933 | D:3      | Noticed Natasha
  1977 | D:3      | Killed Natasha
  1978 | D:3      | Reached skill level 3 in Throwing
  2052 | D:3      | XOM: silly message
  2073 | D:3      | Noticed Natasha
  2089 | D:3      | HP: 7/46 [Natasha/magic dart (5)]
  2115 | D:5      | Entered Level 5 of the Dungeon
  2127 | D:5      | Noticed a water moccasin
  2173 | D:4      | Reached skill level 5 in Dodging
  2173 | D:4      | Reached XP level 6. HP: 26/55 MP: 6/6
  2174 | D:4      | XOM: silly message
  2197 | D:4      | XOM: divination: detect items
  2221 | D:4      | HP: 13/55 [phantom (5)]
  2227 | D:4      | HP: 9/55 [something (4)]
  2278 | D:3      | HP: 10/55 [something (4)]
  2294 | D:3      | Killed a sky beast
  2295 | D:3      | Reached skill level 4 in Throwing
  2371 | D:3      | XOM: divination: detect creatures
  2478 | D:4      | XOM: potion effect (invisibility)
  2486 | D:4      | XOM: divination: detect items
  2491 | D:4      | Reached skill level 6 in Dodging
  2492 | D:4      | Reached XP level 7. HP: 19/61 MP: 7/7
  2569 | D:4      | HP: 13/61 [orc wizard/magic dart (6)]
  2580 | D:4      | XOM: divination: detect creatures
  2810 | D:4      | Found Ysintawk's Firing Range.
  2874 | D:4      | XOM: divination: detect creatures
  3040 | D:4      | HP: 14/61 [phantom (3)]
  3043 | D:4      | XOM: confuse monster(s)
  3045 | D:4      | Reached skill level 3 in Fighting
  3049 | D:4      | XOM: noise
  3145 | D:5      | Found a staircase to the Ecumenical Temple.
  3178 | D:5      | XOM: cast spell 'Alistair's Intoxication'
  3185 | D:5      | XOM: confuse monster(s)
  3196 | D:5      | Reached skill level 5 in Throwing
  3267 | D:5      | Reached skill level 7 in Dodging
  3376 | D:5      | HP: 13/62 [something (7)]
  3377 | D:5      | HP: 6/62 [something (4)]
  3506 | D:5      | Reached XP level 8. HP: 24/72 MP: 8/8
  3599 | D:5      | XOM: god gift: 42 gold pieces
  3636 | D:5      | Reached skill level 4 in Fighting
  3709 | D:5      | XOM: summons 2 friendly demons
  3734 | D:5      | HP: 17/73 [white imp/puff of frost (7)]
  3739 | D:5      | XOM: summons friendly shadow imp
  3743 | D:5      | HP: 12/73 [water moccasin (5)]
  3746 | D:5      | Reached skill level 8 in Dodging
  3880 | D:5      | Reached skill level 5 in Fighting
  3950 | D:5      | XOM: god gift: runed leather armour {god gift}
  4099 | D:6      | HP: 8/74 [steam dragon/ball of steam (13)]
  4100 | D:6      | Killed from afar by a steam dragon

Vanquished Creatures
  A water moccasin (D:5)
  A black bear (D:4)
  A sky beast (D:3)
  4 phantoms
  3 scorpions
  A howler monkey (D:4)
  A hound (D:5)
  Ijyb (D:3)
  Natasha (twice) (D:3)
  2 iguanas
  3 orc wizards (D:4)
  4 gnolls (D:5)
  7 adders
  3 white imps
  A worm (D:3)
  8 orcs
  4 endoplasms
  2 giant cockroaches
  6 goblins
  4 hobgoblins
  4 jackals (D:1)
  A quokka (D:2)
  2 ball pythons
  8 bats
  2 frilled lizards
  3 kobolds
  2 rats
81 creatures vanquished.

Vanquished Creatures (collateral kills)
  A water moccasin (D:5)
  An ice beast (D:5)
  A hound (D:5)
3 creatures vanquished.

Grand Total: 84 creatures vanquished

Table legend:
 A = Non-vault XP
 B = Vault XP
 C = Vault XP percentage of total XP
 D = Non-vault monster count
 E = Vault monster count
 F = Vault count percentage of total count
                 A         B        C        D         E       F
            +---------+---------+-------+---------+---------+-------
      Total |    1915 |     131 |   6.4 |      81 |       4 |   4.7
            +---------+---------+-------+---------+---------+-------
        D:1 |      25 |       0 |   0.0 |      15 |       0 |   0.0
        D:2 |      24 |       0 |   0.0 |       8 |       0 |   0.0
        D:3 |     337 |      75 |  18.2 |      18 |       2 |  10.0
        D:4 |     612 |      56 |   8.4 |      23 |       2 |   8.0
        D:5 |     917 |       0 |   0.0 |      17 |       0 |   0.0
            +---------+---------+-------+---------+---------+-------

Illustrated notes

Table legend:
 A = Kills in this place as a percentage of kills in entire the game.
 B = Kills by you in this place as a percentage of kills by you in the entire game.
 C = Kills by friends in this place as a percentage of kills by friends in the entire game.
 D = Other kills in this place as a percentage of other kills in the entire game.
 E = Experience gained in this place as a percentage of experience gained in the entire game.
 F = Experience gained in this place divided by the number of levels of this place that you have seen.
                   A       B       C       D       E      F
               +-------+-------+-------+-------+-------+----------------------
         Total | 100.0 | 100.0 | 100.0 | 100.0 | 100.0 | 341.0
       Dungeon | 100.0 | 100.0 | 100.0 | 100.0 | 100.0 | 341.0
               +-------+-------+-------+-------+-------+----------------------

Table legend: (Time is in decaauts)
 A = Elapsed time spent in this place.
 B = Non-inter-level travel time spent in this place.
 C = Inter-level travel time spent in this place.
 D = Time resting spent in this place.
 E = Time spent auto-exploring this place.
 F = Levels seen in this place.
 G = Mean time per level.
                   A        B        C        D        E       F      G
               +--------+--------+--------+--------+--------+-----+--------+
         Total |   4149 |   3961 |    188 |    208 |   2819 |   6 |  691.5 |
       Dungeon |   4149 |   3961 |    188 |    208 |   2819 |   6 |  691.5 |
               +--------+--------+--------+--------+--------+-----+--------+

Top non-repeatable levels by time:
     D:5: 971 daAuts
     D:4: 830 daAuts
     D:2: 804 daAuts
     D:3: 802 daAuts
     D:1: 712 daAuts
     D:6: 28 daAuts
